 Dungeon Crawl Stone Soup version 0.30.1-11-g7821555f0a (webtiles) character file.

Game seed: 7874464649690168679

184 Martska the Trooper (level 5, -4/55 HPs)
             Began as an Ogre Gladiator on Dec 14, 2023.
             Was a Believer of Jiyva.
             Slain by a gnoll
             ... wielding a +0 halberd
              (6 damage)
             ... on level 4 of the Dungeon.
             The game lasted 00:04:29 (2697 turns).

Martska the Trooper (Ogre Gladiator)                Turns: 2697, Time: 00:04:30

Health: -4/55      AC:  5    Str: 20    XL:     5   Next: 63%
Magic:  5/5        EV: 10    Int:  9    God:    Jiyva [**....]
Gold:   70         SH:  0    Dex: 10    Spells: 4/4 levels left

rFire   . . .        q - +7 hammer "Zous Juv" {heavy, rElec rN+ Will+}
rCold   . . .        (no shield)
rNeg    + . .        b - +0 robe
rPois   .            c - +0 hat
rElec   +            i - +1 cloak
rCorr   +            (gloves unavailable)
SInv    .            (boots unavailable)
Will    ++...        (no amulet)
Stlth   +            l - ring of willpower
HPRegen 1.25/turn    (no ring)
MPRegen 0.39/turn

%: no passive effects
@: no status effects
A: large, unfitting armour, tough skin 1
a: Renounce Religion


You were on level 4 of the Dungeon.
You worshipped Jiyva.
Jiyva was pleased with you.
You visited 1 branch of the dungeon, and saw 4 of its levels.

You collected 70 gold pieces.

Inventory:

Hand Weapons
 a - a +0 flail
 q - the +7 hammer "Zous Juv" (weapon) {heavy, rElec rN+ Will+}
   (You found it on level 2 of the Dungeon)

   rElec:     It insulates you from electricity.
   rN:        It protects you from negative energy.
   Will:      It increases your willpower.
 r - the +7 hammer of Dithmenos, Smoking {flame, rF+ Int-3 Dex+2}
   (You found it on level 2 of the Dungeon)

   Int:       It affects your intelligence (-3).
   Dex:       It affects your dexterity (+2).
   rF:        It protects you from fire.
 s - the +7 hammer "Testudineslayer" {spect, Stlth+}
   (You found it on level 2 of the Dungeon)

   Stlth:     It makes you more stealthy.
Missiles
 d - 3 throwing nets (quivered)
 e - a large rock
Armour
 b - a +0 robe (worn)
 c - a +0 hat (worn)
 i - a +1 cloak (worn)
Jewellery
 l - a ring of willpower (left hand)
Wands
 p - a wand of light (7)
 v - a wand of charming (12)
Scrolls
 h - a scroll of enchant weapon
 j - a scroll of magic mapping {unknown}
 k - a scroll of fear {unknown}
 t - a scroll of poison {unknown}
 u - a scroll of enchant armour {unknown}
Potions
 f - 2 potions of lignification {unknown}
 g - a potion of ambrosia {unknown}
 m - a potion of heal wounds {unknown}
 n - 6 potions of brilliance {unknown}
 o - 2 potions of curing {unknown}


   Skills:
 * Level 4.8 Fighting
 * Level 3.9 Maces & Flails
 - Level 2.0 Throwing
 * Level 3.8 Dodging


You had 4 spell levels left.
You didn't know any spells.
Your spell library contained the following spells:

 Spells                   Type           Power      Damage    Failure   Level
 Sandblast                Erth           0%         2d4       38%         1
 Summon Small Mammal      Summ           0%         N/A       38%         1
 Ensorcelled Hibernation  Hex/Ice        0%         N/A       52%         2
 Passwall                 Tmut/Erth      0%         N/A       52%         2
 Call Canine Familiar     Summ           0%         N/A       77%         3
 Stone Arrow              Conj/Erth      0%         3d7       77%         3
 Summon Guardian Golem    Hex/Summ       0%         N/A       77%         3
 Swiftness                Air            0%         N/A       77%         3


Dungeon Overview and Level Annotations

Branches:
Dungeon (4/15)             Temple (0/1) D:4

Altars:
Jiyva

Shops:
D:4 =(*


Innate Abilities, Weirdness & Mutations

You are too large for most types of armour.
You have tough skin. (AC +1)


Message History

The adder hisses angrily.
There is a fountain of clear blue water here.
Found Kadafeck's Antique Weapon Shop.
The adder bites you but does no damage.
You barely miss the adder.
The adder is almost dead.
The adder bites you. The adder closely misses you.
You barely miss the adder.
The adder is almost dead.
The adder closely misses you. The adder bites you but does no damage.
You closely miss the adder.
The adder is almost dead.
The adder barely misses you. The adder bites you.
You bludgeon the adder!!
You kill the adder!
The gnoll barely misses you. The gnoll hits you with a +0 whip.
You barely miss the gnoll. The gnoll closely misses you.
The gnoll hits you with a +0 whip. x2; The gnoll barely misses you.
The gnoll closely misses you.
You thump the gnoll!
The gnoll is almost dead.
The gnoll hits you from afar with a +0 halberd.
The gnoll hits you from afar with a +0 spear.
The gnoll hits you with a +0 whip.
You barely miss the gnoll.
The gnoll is almost dead.
The gnoll hits you from afar with a +0 halberd.
The gnoll barely misses you. The gnoll hits you with a +0 whip.
* * * LOW HITPOINT WARNING * * *
The gnoll closely misses you. The gnoll hits you with a +0 whip.
* * * LOW HITPOINT WARNING * * *
The gnoll hits you from afar with a +0 spear.
* * * LOW HITPOINT WARNING * * *
You thump the gnoll!
You kill the gnoll!
The gnoll barely misses you.
The gnoll hits you from afar with a +0 spear!
* * * LOW HITPOINT WARNING * * *
The gnoll hits you from afar with a +0 halberd.
You die...

####''#### #.......#
###.......#. ##...........
#######.......#.#.. #.
........#.#..#.#.#. .∩
###....#.#.#.#.# .....# #.
#####...#.##..#.>.#. .....
#.#####g)@..###....#.#.#.#
....#
#'#....g#####.......#.#.#.
....# #.###...###
#........#.#.. ....#
#.....#...###.............
....#
##.######.........##...
....# #.#####....#.....#
##. ....#
#.##.........##.## ....#
##g#...#####...#.#
....####.g..#.#######....


You could see 2 gnolls.

Vanquished Creatures
  Crazy Yiuf (D:2)
  An orc wizard (D:4)
  Robin (D:2)
  2 adders
  A gnoll (D:4)
  A worm (D:2)
  4 dart slugs
  9 orcs
  7 ball pythons
  4 endoplasms
  4 giant cockroaches
  9 goblins
  10 hobgoblins
  6 jackals
  6 kobolds
  A quokka (D:1)
  5 bats
  5 frilled lizards (D:1)
  6 rats
83 creatures vanquished.

Vanquished Creatures (others)
  A dart slug (D:3)
  An endoplasm (D:4)
  2 orcs (D:3)
  2 goblins (D:3)
  A hobgoblin (D:3)
  2 kobolds (D:3)
9 creatures vanquished.

Grand Total: 92 creatures vanquished

Notes
Turn   | Place    | Note
-------+----------+-------------------------------------------
     0 | D:1      | Martska the Ogre Gladiator began the quest for the Orb.
     0 | D:1      | Reached XP level 1. HP: 22/22 MP: 1/1
    70 | D:1      | Reached skill level 3 in Fighting
    70 | D:1      | Reached XP level 2. HP: 27/31 MP: 2/2
   241 | D:1      | Reached XP level 3. HP: 36/37 MP: 3/3
  1188 | D:2      | Reached XP level 4. HP: 42/48 MP: 4/4
  1323 | D:2      | Identified the +7 hammer "Zous Juv" {heavy, rElec rN+
                  | Will+}
  1381 | D:2      | Found a runed translucent door.
  1382 | D:2      | Noticed Crazy Yiuf
  1447 | D:2      | Reached skill level 4 in Fighting
  1480 | D:2      | Found a faded altar of an unknown god.
  1578 | D:2      | Prayed at the altar of an unknown god.
  1578 | D:2      | Became a worshipper of Jiyva Jallas the Shapeless
  1578 | D:2      | Reached * piety under Jiyva
  1605 | D:2      | Noticed Robin
  1611 | D:2      | Killed Robin
  1860 | D:2      | Killed Crazy Yiuf
  1861 | D:2      | Reached XP level 5. HP: 40/55 MP: 5/5
  1863 | D:2      | Identified the +7 hammer of Dithmenos, Smoking {flame, rF+
                  | Int-3 Dex+2}
  1866 | D:2      | Identified the +7 hammer "Testudineslayer" {spect, Stlth+}
  2061 | D:3      | Reached ** piety under Jiyva
  2577 | D:4      | Found Ywnetu Waheu's General Store.
  2582 | D:4      | Found a staircase to the Ecumenical Temple.
  2633 | D:4      | Found Wabluhol's Jewellery Boutique.
  2681 | D:4      | Found Kadafeck's Antique Weapon Shop.
  2697 | D:4      | HP: 2/55 [gnoll/+0 spear (8)]
  2697 | D:4      | Slain by a gnoll

Illustrated notes

Levels and vault maps discovered:
D:1:      sevenhm_arrival_forest_fort_small_3, layout_loops_ring
D:2:      layout_loops_ring, chequers_ecumenical_altar_grove, serial_glass,
          glass_columns_b, glass_columns_a, uniq_crazy_yiuf_cottage, uniq_robin
D:3:      corexii_shack_village, layout_basic, kennysheep_generic_room_3
D:4:      layout_rooms, minmay_temple_entry_grid, serial_shops,
          nicolae_shop_hallway_stairs, shop_fountains, shop,
          nicolae_shop_hallway_plus, kennysheep_decorative_pillar

Skill      XL: |  1  2  3  4 |
---------------+-------------+-----
Fighting       | 3 4 |  4.8
Dodging        | 3 |  3.8
Maces & Flails | 3 |  3.9
Throwing       | |  2.0

Action                     |  1- 3 |  4- 6 || total
---------------------------+-------+-------++-------
  Melee: Flail             |   129 |     6 ||   135
         Mace              |       |    79 ||    79
    Use: Scroll            |       |     2 ||     2
   Stab: Sleeping          |     1 |       ||     1
 Armour: Robe              |    57 |    35 ||    92
  Dodge: Dodged            |    89 |    55 ||   144
